 Dungeon Crawl Stone Soup version 0.19.1-1-g22dce08 (webtiles) character file.

1017 dngmouse the Cleaver (level 8, -2/99 HPs)
             Began as a Minotaur Berserker on Jan 18, 2017.
             Was an Elder of Trog.
             Slain by an orc warrior
             ... wielding a +0 dire flail
              (21 damage)
             ... on level 6 of the Dungeon.
             The game lasted 00:15:41 (4193 turns).

dngmouse the Cleaver (Minotaur Berserker)           Turns: 4193, Time: 00:15:42

Health: -2/99      AC: 14    Str: 25 (27) XL:     8   Next: 1%
Magic:  7/7        EV:  7    Int:  2 (4)  God:    Trog [****..]
Gold:   319        SH:  0    Dex: 11 (12) Spells: 0 memorised, 7 levels left

rFire  . . .     SeeInvis .     D - +1 battleaxe
rCold  . . .     Gourm    +     k - +0 plate armour
rNeg   . . .     Faith    .     (shield currently unavailable)
rPois  .         Spirit   .     (helmet restricted)
rElec  .         Reflect  .     t - +0 cloak
rCorr  .         Harm     .     B - +1 pair of gloves
MR     ++...                    (no boots)
Stlth  ..........               a - amulet of the gourmand
                                (no ring)
                                (no ring)

@: berserking, regenerating, very quick
A: retaliatory headbutt, horns 2
a: Berserk, Trog's Hand, Brothers in Arms, Burn Spellbooks, Renounce Religion


You were on level 6 of the Dungeon.
You worshipped Trog.
Trog was greatly pleased with you.
You were very full.

You visited 1 branch of the dungeon, and saw 6 of its levels.
You also visited: Sewer.

You collected 319 gold pieces.

Inventory:

Hand Weapons
 D - a +1 battleaxe (weapon)
Armour
 k - a +0 plate armour (worn)
 t - a +0 cloak (worn)
 B - a +1 pair of gloves (worn)
Jewellery
 a - an amulet of the gourmand (around neck)
 e - an uncursed ring of see invisible {unknown}
Wands
 o - a wand of polymorph (14/24)
 r - a wand of slowing (46/48)
 E - a wand of digging (12/24)
Scrolls
 d - 2 scrolls of magic mapping
 f - a scroll of fear
 g - 2 scrolls of teleportation
 i - 5 scrolls of identify
 m - 2 scrolls of remove curse
 u - a scroll of recharging
 x - 2 scrolls of blinking
Potions
 h - 4 potions of flight
 n - 2 potions of curing
 p - a potion of degeneration
 q - a potion of might
 s - a potion of lignification
 v - 2 potions of brilliance
Comestibles
 b - 7 meat rations
 c - 4 bread rations
 l - 2 beef jerkies
 A - a chunk of flesh


   Skills:
 - Level 4.1 Fighting
 * Level 11.3 Axes
 - Level 2.4 Armour
 - Level 2.1 Dodging


You had 7 spell levels left.
You didn't know any spells.

Dungeon Overview and Level Annotations

Branches:
Dungeon (6/15)             Temple (0/1) D:6

Altars:
Elyvilon
Okawaru
Qazlal
Uskayaw

Shops:
D:5 *


Innate Abilities, Weirdness & Mutations

You reflexively headbutt those who attack you in melee.
You have a pair of horns on your head.


Message History

The orc warrior is lightly wounded.
The orc warrior closely misses you. You furiously retaliate!
You headbutt the orc warrior! You slash the orc warrior!
The orc warrior is heavily wounded.
The orc warrior hits you with a dire flail!
The orc wizard gestures wildly while chanting.
The orc wizard blinks!
Your skin crawls.
You feel resistant to hostile enchantments.
You feel somewhat less full.
The orc wizard points at you and mumbles some strange words.
You resist with almost no effort.
The orc warrior hits you with a dire flail!
* * * LOW HITPOINT WARNING * * *
A red film seems to cover your vision as you go berserk!
You feel yourself moving faster!
You feel mighty!
You feel sick.
You are no longer poisoned.
The orc warrior hits you with a dire flail!!
You die...

###....######### ###
#..............# #.#
#.#######.###..###.# #.##
#.##..%(.#.#
##..######.##.(.....####
#...#.......((<...>....#
#...####.#o##.#.....##.#
##..#####.#.##......###.#
#...##.....@............#
#...#####.#o#.....#.#####
##...# #.#>#....##.#
###...## . .......##.#
###.....# ..........##.#
#......## o.............#
.....### #...##.#########
...### .#. #.# ..##


You could see an orc warrior and an orc wizard.

Vanquished Creatures
  Sigmund (D:2)
  3 ogres
  2 centaurs
  A crocodile (Sewer)
  A howler monkey (D:6)
  Crazy Yiuf (D:2)
  Ijyb (D:2)
  An orc wizard (D:6)
  2 worker ants
  A hound skeleton (D:4)
  6 adders
  A shadow imp (D:5)
  2 worms (D:4)
  2 dart slugs
  5 leopard geckos
  11 orcs
  5 ball pythons
  4 giant cockroaches
  7 goblins
  8 hobgoblins
  7 jackals
  15 kobolds
  9 bats
  4 frilled lizards
  3 leopard gecko skeletons
  A quokka skeleton (D:4)
  9 rats
113 creatures vanquished.

Notes
Turn   | Place    | Note
-------+----------+-------------------------------------------
     0 | D:1      | dngmouse the Minotaur Berserker began the quest for the Orb.
     0 | D:1      | Reached XP level 1. HP: 19/19 MP: 0/0
   397 | D:1      | Reached XP level 2. HP: 23/27 MP: 1/1
   410 | D:1      | Reached skill level 4 in Axes
   728 | D:1      | Reached ** piety under Trog
   743 | D:1      | Reached XP level 3. HP: 28/33 MP: 2/2
  1008 | D:1      | Reached skill level 5 in Axes
  1207 | D:2      | Noticed Ijyb
  1214 | D:2      | Killed Ijyb
  1287 | D:2      | Reached XP level 4. HP: 40/40 MP: 3/3
  1456 | D:2      | Noticed Sigmund
  1464 | D:2      | Killed Sigmund
  1464 | D:2      | Reached skill level 7 in Axes
  1464 | D:2      | Reached XP level 5. HP: 46/46 MP: 4/4
  1811 | D:2      | Found a runed door.
  1983 | D:2      | Noticed Crazy Yiuf
  1987 | D:2      | Killed Crazy Yiuf
  1987 | D:2      | Reached skill level 8 in Axes
  1987 | D:2      | Reached XP level 6. HP: 52/52 MP: 5/5
  2118 | D:3      | Found a hide-covered altar of Uskayaw.
  2284 | D:3      | Reached *** piety under Trog
  2828 | D:4      | Found a glowing drain.
  2848 | Sewer    | Entered a sewer
  2906 | Sewer    | Reached skill level 9 in Axes
  3101 | D:4      | Reached XP level 7. HP: 59/59 MP: 6/6
  3396 | D:4      | Reached skill level 10 in Axes
  3457 | D:5      | Entered Level 5 of the Dungeon
  3457 | D:5      | Found a white marble altar of Elyvilon.
  3457 | D:5      | Found Micwuz's General Store.
  3463 | D:5      | Reached **** piety under Trog
  3632 | D:5      | Found an iron altar of Okawaru.
  3750 | D:5      | Found a stormy altar of Qazlal.
  3865 | D:5      | Identified a scroll of acquirement
  3971 | D:6      | Gained mutation: Your flesh is cold resistant. (rC+) [potion of mutation]
  3971 | D:6      | Gained mutation: Your skin changes colour to match your surroundings (Stealth+). [potion of mutation]
  3972 | D:6      | Lost mutation: Your flesh is cold resistant. (rC+) [potion of cure mutation]
  3972 | D:6      | Lost mutation: Your skin changes colour to match your surroundings (Stealth+). [potion of cure mutation]
  4099 | D:6      | Reached skill level 11 in Axes
  4145 | D:6      | Found a staircase to the Ecumenical Temple.
  4174 | D:6      | Reached XP level 8. HP: 60/66 MP: 7/7
  4193 | D:6      | Slain by an orc warrior

Skill      XL: |  1  2  3  4  5  6  7 |
---------------+----------------------+-----
Fighting       | 4 |  4.1
Axes           | 4 5 7 8 9 11 | 11.3
Armour         | |  2.4
Dodging        | |  2.1

Action                   |  1- 3 |  4- 6 |  7- 9 || total
-------------------------+-------+-------+-------++-------
Melee: Hand axe          |    84 |    15 |       ||    99
       Headbutt          |     5 |    17 |     8 ||    30
       War axe           |       |    95 |       ||    95
       Battleaxe         |       |    10 |    54 ||    64
Invok: Berserk           |       |     2 |     1 ||     3
       Trog's Hand       |       |       |     1 ||     1
  Use: Scroll            |       |     1 |    12 ||    13
       Potion            |       |       |     9 ||     9
  Eat: Chunk             |     1 |    22 |     3 ||    26
Armor: Animal skin       |     9 |       |       ||     9
       Plate armour      |     9 |    62 |    45 ||   116
       Leather armour    |     3 |       |       ||     3
Dodge: Dodged            |    63 |    51 |    31 ||   145
